Construct Section Command Post
Construct Platoon Command Post
Construct Field Infirmary
Unlock M3 Stuart Light Tanks
6-pounder Anti-tank Gun Team
Construct Company Command Post
Selects Heavy Armor Battlegroup
Selects Light Vehicle Withdraw and Refit
6-pounder Anti-tank Gun Team
6-pounder Anti-tank Gun Team
Selects Rigorous Vehicle Training
Selects Forward Repair Assembly
6-pounder Anti-tank Gun Team
6-pounder Anti-tank Gun Team
Unlock Towed 17-pounder Anti-tank Guns
17-pounder Anti-tank Gun Team
Selects Churchill Black Prince Heavy Tank